 Dungeon Crawl Stone Soup version 0.29.1-12-g30fa7ad0bf (webtiles) character file.

Game seed: 656009392284665320

539 sillycutie the Trooper (level 7, -6/62 HPs)
             Began as a Minotaur Berserker on Jan 10, 2023.
             Was a Follower of Trog.
             Mangled by an orc warrior
             ... wielding a +0 glaive
              (12 damage)
             ... on level 7 of the Dungeon.
             The game lasted 00:28:56 (4821 turns).

sillycutie the Trooper (Minotaur Berserker)         Turns: 4821, Time: 00:28:58

Health: -6/62      AC: 12    Str: 23    XL:     7   Next: 5%
Magic:  6/6        EV: 12    Int:  4    God:    Trog [*.....]
Gold:   108        SH:  0    Dex: 10    Spells: 6/6 levels left

rFire   . . .      SeeInvis .   a - +0 hand axe
rCold   + . .      Faith    .   (no shield)
rNeg    . . .      Spirit   .   v - +0 ring mail
rPois   .          Reflect  .   (helmet restricted)
rElec   .          Harm     .   o - +0 cloak
rCorr   .          Rampage  .   (no gloves)
Will    ++...                   g - +0 pair of boots
Stlth   ..........              (no amulet)
HPRegen 1.20/turn               n - +4 ring of protection
MPRegen 0.10/turn               r - ring of protection from cold

@: strong-willed, regenerating
A: horns 2, retaliatory headbutt
a: Renounce Religion, Berserk


You were on level 7 of the Dungeon.
You worshipped Trog.
Trog was aware of your devotion.
You visited 1 branch of the dungeon, and saw 5 of its levels.

You collected 108 gold pieces.

Inventory:

Hand Weapons
 a - a +0 hand axe (weapon)
Armour
 f - a +0 leather armour
 g - a +0 pair of boots (worn)
 o - a +0 cloak (worn)
 v - a +0 ring mail (worn)
Jewellery
 i - an amulet of the acrobat
 n - a +4 ring of protection (left hand)
 r - a ring of protection from cold (right hand)
Wands
 l - a wand of flame (32)
 w - a wand of iceblast (12)
Scrolls
 c - 3 scrolls of identify
 d - 6 scrolls of amnesia
 e - 4 scrolls of teleportation
 m - a scroll of magic mapping
 p - a scroll of enchant weapon {unknown}
 q - a scroll of fear {unknown}
 t - a scroll of noise {unknown}
 u - a scroll of enchant armour {unknown}
Potions
 b - 2 potions of curing
 h - 2 potions of haste
 j - a potion of degeneration
 k - a potion of ambrosia
 s - a potion of might {unknown}


   Skills:
 + Level 5.8 Fighting
 + Level 5.7 Axes
 + Level 5.0 Armour
 + Level 4.6 Dodging


You had 6 spell levels left.
You didn't know any spells.
Your spell library was empty.

Dungeon Overview and Level Annotations

Branches:
Dungeon (4/15)             Temple (0/1) D:4

Altars:
Gozag
Kikubaaqudgha
Makhleb
Qazlal
Sif Muna
Vehumet
Yredelemnul

Shops:
D:1 !   D:4 *!


Innate Abilities, Weirdness & Mutations

You have a pair of horns on your head.
You reflexively headbutt those who attack you in melee.


Message History

The orc shouts!
You hear a shout!
An orc warrior comes into view.
It is wielding a +0 glaive and carrying a wand of iceblast (3).
An orc priest comes into view.
It is wielding a +1 short sword of protection.
The orc warrior shouts!
The orc priest shouts!
You hear a shout!
An orc comes into view. It is wielding a +2 mace of draining.
You see here a potion of haste.
The orc warrior zaps a wand.
The mass of ice explodes!
The iceblast engulfs you! You partially resist.
The orc warrior zaps a wand.
The mass of ice explodes!
The iceblast engulfs you.
You hear an angry hiss.
An ice beast comes into view.
A wyvern comes into view.
There are monsters nearby!
There are monsters nearby!
Found a stone staircase leading up.
The wyvern hisses angrily.
The orc warrior zaps a wand.
The mass of ice explodes!
The iceblast engulfs you! You partially resist.
The now-empty wand crumbles to dust.
There is an open door here.
The wyvern hisses menacingly.
The ice beast attacks as you move away! The ice beast closely misses you.
The wyvern attacks as you move away!
The wyvern bites you but does no damage.
The wyvern bites you! The wyvern misses you. The ice beast barely misses you.
The wyvern barely misses you. The ice beast hits you.
The ice beast freezes you. You resist.
The orc warrior hits you from afar with a +0 glaive!
* * * LOW HITPOINT WARNING * * *
The wyvern attacks as you move away! The wyvern barely misses you.
The wyvern misses you. You furiously retaliate!
You headbutt the wyvern!
Your skin crawls.
You feel strong-willed.
You can no longer call upon Trog for regeneration and willpower.
The wyvern bites you!
* * * LOW HITPOINT WARNING * * *
The orc warrior hits you from afar with a +0 glaive!
You die...

############## # #..........
#............# #. #..........
#.......)....# #.##.#.#####.#
#............# ....#.....o.#
#............######..#.#...#.#
#............@l...##.#.#._.#.#
###...........Yo..##.#.#o..#.#
#..........o....##.#..o!...#
#............o..#..#o#####.#
#...............#...o.......
#...............#...l.......
########........##..........
###'###..##..........
##.....##.'.l.........


You could see an orc warrior, a wyvern, an ice beast, an orc priest and an orc.

Vanquished Creatures
  Maggie (D:7)
  An ogre (D:3)
  Terence (D:2)
  An orc wizard (D:3)
  A gnoll (D:1)
  4 adders
  A shadow imp (D:7)
  A worm (D:3)
  12 orcs (D:3)
  3 endoplasms
  3 giant cockroaches (D:1)
  5 goblins
  13 hobgoblins
  3 quokkas
  7 ball pythons
  7 bats
  6 frilled lizards
  5 kobolds
  5 rats
80 creatures vanquished.

Notes
Turn   | Place    | Note
-------+----------+-------------------------------------------
     0 | D:1      | sillycutie the Minotaur Berserker began the quest for the
                  | Orb.
     0 | D:1      | Reached XP level 1. HP: 19/19 MP: 0/0
   430 | D:1      | Reached XP level 2. HP: 27/27 MP: 1/1
   575 | D:1      | Found Cutikl Hube's Distillery.
   712 | D:1      | Reached XP level 3. HP: 32/33 MP: 2/2
  1366 | D:2      | Noticed Terence
  1374 | D:2      | Killed Terence
  1375 | D:2      | Reached XP level 4. HP: 22/40 MP: 3/3
  2252 | D:2      | Found a faded altar of an unknown god.
  2929 | D:3      | Found a basalt altar of Yredelemnul.
  2930 | D:3      | Found a burning altar of Makhleb.
  2930 | D:3      | Found an ancient bone altar of Kikubaaqudgha.
  2990 | D:3      | Noticed an ogre
  3000 | D:3      | Killed an ogre
  3001 | D:3      | Reached XP level 5. HP: 30/47 MP: 4/4
  3541 | D:3      | Reached skill level 5 in Axes
  3545 | D:3      | Reached skill level 5 in Fighting
  3579 | D:3      | Reached ** piety under Trog
  3596 | D:3      | Found an opulent altar of Gozag.
  3725 | D:3      | Found a stormy altar of Qazlal.
  3892 | D:4      | Found Bagh's General Store.
  3893 | D:4      | Found Xovocw's Distillery.
  4257 | D:4      | Reached XP level 6. HP: 56/56 MP: 5/5
  4257 | D:4      | Found a staircase to the Ecumenical Temple.
  4375 | D:4      | You fall into a shaft and drop 3 floors!
  4379 | D:7      | Noticed Maggie
  4393 | D:7      | Killed Maggie
  4394 | D:7      | Reached skill level 5 in Armour
  4394 | D:7      | Reached XP level 7. HP: 62/62 MP: 6/6
  4545 | D:7      | Found a radiant altar of Vehumet.
  4777 | D:7      | Found a shimmering blue altar of Sif Muna.
  4802 | D:7      | Noticed a wyvern
  4821 | D:7      | Mangled by an orc warrior

Illustrated notes

Levels and vault maps discovered:
D:1:      dpeg_arrival_tiny_k, layout_basic, serial_shops, shop,
          minmay_heptomino_w4
D:2:      layout_basic, shapermc_ecumenical_altar_venn, uniq_terence
D:3:      layout_rooms, old_standard_altar, nicolae_overflow_quartered_altars
D:4:      layout_loops_cross, minmay_temple_entry_arrows,
          nicolae_wooded_promenade, grunt_decor_cap,
          hangedman_abyss_or_decor_stagger
D:7:      layout_basic, mainiacjoe_overflow_cross_hatched,
          nicolae_vehumet_altar_sigil, uniq_duvessa, uniq_maggie

Skill      XL: |  1  2  3  4  5  6 |
---------------+-------------------+-----
Axes           | 4 5 |  5.7
Fighting       | 4 5 |  5.8
Armour         | 3 4 5 |  5.0
Dodging        | 3 4 |  4.6

Action                   |  1- 3 |  4- 6 |  7- 9 || total
-------------------------+-------+-------+-------++-------
Melee: Hand axe          |    61 |    85 |     1 ||   147
       Headbutt          |     6 |    12 |     1 ||    19
       Punch             |       |     2 |       ||     2
Invok: Berserk           |     4 |     4 |       ||     8
       Trog's Hand       |       |     2 |     1 ||     3
  Use: Scroll            |     4 |     3 |       ||     7
Armor: Animal skin       |     4 |       |       ||     4
       Leather armour    |    17 |    22 |       ||    39
       Ring mail         |       |     4 |     1 ||     5
Dodge: Dodged            |    43 |    56 |     7 ||   106
